 Dungeon Crawl Stone Soup version 0.27.1 (webtiles) character file.

Game seed: 15593909197496071072

60 ZARRMARR the Insei (level 4, -5/28 HPs)
             Began as an Octopode Transmuter on Aug 31, 2021.
             Slain by Terence (9 damage)
             ... on level 3 of the Dungeon.
             The game lasted 00:07:48 (3017 turns).

ZARRMARR the Insei (Octopode Transmuter)            Turns: 3017, Time: 00:07:49

Health: -5/28      AC:  1    Str:  9    XL:     4   Next: 4%
Magic:  6/7        EV: 13    Int: 16    God:
Gold:   20         SH:  0    Dex: 12    Spells: 7/8 levels left

rFire    . . .     SeeInvis .     - Unarmed
rCold    . . .     Faith    .   (no shield)
rNeg     . . .     Spirit   .   (helmet currently unavailable)
rPois    .         Reflect  .   (no amulet)
rElec    .         Harm     .   (no ring)
rCorr    .         Rampage  .   (no ring)
Will     .....                  (no ring)
Stlth    ++........             (no ring)
HPRegen  0.09/turn              (no ring)
MPRegen  0.10/turn              (no ring)
                                (no ring)
                                (no ring)

@: appendages
A: tentacle spike 3, almost no armour, amphibious, 8 rings, camouflage 1,
gelatinous body 1, (nimble swimmer 1), tentacles
a: End Transformation


You were on level 3 of the Dungeon.
One of your tentacles had grown a beastly spike.
You visited 1 branch of the dungeon, and saw 3 of its levels.

You collected 20 gold pieces.

Inventory:

Missiles
 a - a javelin (quivered)
Scrolls
 c - a scroll of teleportation {unknown}
 d - a scroll of summoning {unknown}
 f - a scroll of torment {unknown}
Potions
 b - 2 potions of curing {unknown}
 e - a potion of might {unknown}


   Skills:
 + Level 1.1 Fighting
 + Level 2.1 Dodging
 + Level 0.9 Stealth
 + Level 3.8 Unarmed Combat
 + Level 2.6 Spellcasting
 + Level 2.4 Transmutations


You had 7 spell levels left.
You knew the following spells:

 Your Spells              Type           Power      Damage    Failure   Level
a - Beastly Appendage     Tmut           18%        N/A       7%          1

Your spell library contained the following spells:

 Spells                   Type           Power      Damage    Failure   Level
 Wereblood                Tmut           9%         N/A       11%         2
 Spider Form              Tmut/Pois      3%         N/A       34%         3
 Ice Form                 Ice/Tmut       6%         N/A       75%         4


Dungeon Overview and Level Annotations

Branches:
Dungeon (3/15)

Altars:

Shops:
D:1 [

Annotations:
D:3 Terence


Innate Abilities, Weirdness & Mutations

One of your tentacles has grown a beastly spike.
You cannot wear most types of armour.
You are amphibious.
You can wear up to eight rings at the same time.
Your skin changes colour to match your surroundings (Stealth+).
Your rubbery body absorbs attacks. (AC +1, EV +1)
((You are camouflaged near water. (Stealth+)))
You have tentacles for arms and can constrict up to eight enemies at once.


Message History

Terence is nearby!
Press: ? - help, v - describe, . - travel
Here: Terence, wielding a +0 flail and wearing a +0 chain mail The floor.
There is an open door here.
Your tentacle spike disappears.
There is an escape hatch in the ceiling here.
A mysterious force pulls you upwards. The hatch slams shut behind you.
There is a stone staircase leading down here.
Casting: Beastly Appendage (safe; 7% risk of failure)
Confirm with . or Enter, or press ? or * to list all spells.
One of your tentacles grows a vicious spike.
You climb downwards.
Level annotation: Terence
There is a stone staircase leading up here.
Your transformation is almost over.
Magic restored.
You see here a +0 ring mail.
You tentacle-slap Terence but do no damage.
Your grab misses Terence. Terence barely misses you.
You tentacle-slap Terence but do no damage.
Your grab misses Terence.
You pierce Terence, but do no damage.
Your tentacle spike disappears.
Terence hits you but does no damage.
Casting: Beastly Appendage (safe; 7% risk of failure)
Confirm with . or Enter, or press ? or * to list all spells.
One of your tentacles grows a vicious spike.
Terence hits you with a +0 flail.
You tentacle-slap Terence but do no damage.
You grab Terence. Your squeeze misses Terence. You constrict Terence.
Terence hits you with a +0 flail!
You tentacle-slap Terence.
You pierce Terence, but do no damage.
Terence is moderately wounded.
You constrict Terence. Terence hits you with a +0 flail.
* * * LOW HITPOINT WARNING * * *
You tentacle-slap Terence but do no damage.
Terence is moderately wounded.
You constrict Terence, but do no damage.
Terence hits you with a +0 flail!
You die...

#..# .# #..#### .#
#####
#.....##[####...##
#.....#...##⌠.<.⌠##
#.....#...#.......#
#.....#...#.<.⌠.<.#
#.....#...#.......#
#<....@.(.##⌠...⌠##
#...).#@...##...##
#.....#.....##'###...
####.##.............#
#.##....#..#####...
#.######..## #.#
#..## ... .....
...........


You could see Terence.

Vanquished Creatures
  A hound skeleton (D:2)
  An adder (D:2)
  A dart slug (D:2)
  3 ball pythons
  3 bats
  An endoplasm (D:1)
  2 giant cockroaches
  5 goblins
  4 hobgoblins
  4 kobolds
  A quokka (D:2)
  A frilled lizard (D:1)
  6 rats
  A spectral goblin (D:1)
34 creatures vanquished.

Notes
Turn   | Place    | Note
-------+----------+-------------------------------------------
     0 | D:1      | ZARRMARR the Octopode Transmuter began the quest for the
                  | Orb.
     0 | D:1      | Reached XP level 1. HP: 13/13 MP: 3/3
    73 | D:1      | Reached XP level 2. HP: 2/18 MP: 3/5
   455 | D:1      | Found a faded altar of an unknown god.
   730 | D:1      | Found Tuffeno's Antique Armour Shop.
  1418 | D:2      | Reached XP level 3. HP: 23/23 MP: 6/6
  2454 | D:3      | Noticed Terence
  2461 | D:2      | Reached XP level 4. HP: 21/28 MP: 5/7
  3017 | D:3      | Slain by Terence

Illustrated notes

Levels and vault maps discovered:
D:1:      shiori_arrival_oz, layout_basic, serial_shops, shop,
          dreamdust_ecumenical_altar_drowned_temple
D:2:      layout_basic
D:3:      layout_rooms, led_sif_pool, serial_shops, shop, grunt_ministairs_7,
          uniq_natasha, uniq_terence, uniq_ijyb

Action                   |  1- 3 |  4- 6 || total
-------------------------+-------+-------++-------
Melee: Unarmed           |    65 |     7 ||    72
       Constrict         |    20 |     1 ||    21
       Tentacles         |    12 |     1 ||    13
       Kick              |    18 |     2 ||    20
       Punch             |     4 |       ||     4
Throw: Javelin           |     9 |     2 ||    11
 Cast: Beastly Appendage |    24 |     5 ||    29
  Use: Scroll            |     1 |       ||     1
 Stab: Sleeping          |     4 |       ||     4
Armor: Skin              |     3 |     1 ||     4
Dodge: Dodged            |    33 |     2 ||    35
